 Dungeon Crawl Stone Soup version 0.23.2-1-ga50397a (webtiles) character file.

Game seed: 10684700582052965177

3729 Kahsius the Cleaver (level 9, -1/82 HPs)
             Began as a Minotaur Berserker on Apr 28, 2019.
             Was a Priest of Trog.
             Slain by a black mamba (shapeshifter) (11 damage)
             ... on level 8 of the Dungeon on Apr 29, 2019.
             The game lasted 00:18:28 (7373 turns).

Kahsius the Cleaver (Minotaur Berserker)            Turns: 7373, Time: 00:18:28

Health: -1/82      AC: 10    Str: 21    XL:     9   Next: 92%
Magic:  8/8        EV: 12    Int:  4    God:    Trog [***...]
Gold:   398        SH:  0    Dex: 14    Spells: 8/8 levels left

rFire    + . .     SeeInvis .   t - +1 hand axe (vamp)
rCold    + . .     Gourm    .   (no shield)
rNeg     . . .     Faith    .   j - +0 chain mail
rPois    .         Spirit   .   (helmet restricted)
rElec    .         Reflect  .   (no cloak)
rCorr    .         Harm     .   (no gloves)
MR       .....                  (no boots)
Stlth    ..........             (no amulet)
HPRegen  0.23/turn              (no ring)
MPRegen  0.11/turn              (no ring)

@: lethally poisoned (-1 -> -57), berserk cooldown
A: retaliatory headbutt, horns 2, blurry vision 1, cold resistance 1, fire
resistance 1, high mp 1
a: Berserk, Trog's Hand, Renounce Religion


You were on level 8 of the Dungeon.
You worshipped Trog.
Trog was most pleased with you.
You were not hungry.

You visited 1 branch of the dungeon, and saw 8 of its levels.

You collected 398 gold pieces.

Inventory:

Hand Weapons
 a - a +0 hand axe
 o - a +0 blowgun
 t - a +1 vampiric hand axe (weapon)
 E - a +1 hand axe of venom
Missiles
 i - 5 tomahawks of returning (quivered)
 p - 71 poisoned needles
Armour
 j - a +0 chain mail (worn)
Jewellery
 r - an uncursed amulet of guardian spirit {unknown}
 y - a +4 ring of dexterity {unknown}
 z - a cursed -3 ring of protection {unknown}
 F - an uncursed amulet of harm {unknown}
 H - an uncursed amulet of magic regeneration {unknown}
Wands
 G - a wand of flame (24)
 I - a wand of polymorph (4)
Scrolls
 b - 2 scrolls of identify
 d - a scroll of magic mapping {unknown}
 f - 6 scrolls of remove curse
 g - a scroll of enchant armour {unknown}
 k - 4 scrolls of teleportation
 n - 2 scrolls of fog {unknown}
 q - 2 scrolls of enchant weapon {unknown}
 v - a scroll of amnesia {unknown}
 w - a scroll of blinking {unknown}
 B - a scroll of noise {unknown}
Potions
 e - 3 potions of agility
 h - 3 potions of mutation
 l - a potion of degeneration {unknown}
 m - 2 potions of curing {unknown}
 s - a potion of resistance {unknown}
 u - 2 potions of flight {unknown}
 x - a potion of cancellation {unknown}
 A - a potion of might {unknown}
 C - a potion of berserk rage {unknown}
 D - a potion of brilliance {unknown}
Comestibles
 c - 14 rations
 J - 5 chunks of flesh


   Skills:
 + Level 8.4 Fighting
 * Level 11.2 Axes
 + Level 8.0 Armour
 + Level 7.3 Dodging


You had 8 spell levels left.
You didn't know any spells.
Your spell library was empty.

Dungeon Overview and Level Annotations

Branches:
Dungeon (8/15)             Temple (0/1) D:5
   Lair: D:8-11

Altars:
Cheibriados
Elyvilon
Fedhas
Kikubaaqudgha
Okawaru
Trog
Uskayaw
Wu Jian
The Shining One

Shops:
D:4 :   D:7 %


Innate Abilities, Weirdness & Mutations

You reflexively headbutt those who attack you in melee.
You have a pair of horns on your head.
Scrolls take you a little longer to read.
Your flesh is cold resistant. (rC+)
Your flesh is heat resistant. (rF+)
You have an increased reservoir of magic. (+10% MP)


Message History

You feel yourself speed up.
You feel very sick. The black mamba bites you.
You are more poisoned.
The black mamba poisons you! The black mamba bites you!
* * * LOW HITPOINT WARNING * * *
You hit the black mamba but do no damage.
You headbutt the black mamba!
The black mamba is severely wounded.
* * * LOW HITPOINT WARNING * * *
You feel very sick.
The black mamba bites you but does no damage.
There isn't anything here!
It was a potion of mutation.
You feel extremely strange.
Your vision blurs.
You feel resistant to cold.
You feel more energetic.
You feel resistant to heat.
* * * LOW HITPOINT WARNING * * *
You feel very sick. The black mamba bites you!
You die...

# # # ### # ##..+ ########
#..8 ..#...... ######
#.####+###. .##### ###
#....### #S# $(![!# #.# #
...###.##...####@########.#.#
#...#.####...##..8#..#8..#.#
####...# ###..##..'..'..##.#
.......# ####..####)8####..#
######.#
#........#)##....###### #.#
#.....................# #.##
#.......#############.#
#..########..######## #.#
##.....# #.........# #.#


You could see a black mamba.

Vanquished Creatures
  A centaur warrior (D:8)
  A hornet (D:7)
  Prince Ribbit (D:6)
  4 hogs (D:7)
  A hungry ghost (D:8)
  A human (D:7)
  An ice beast (D:7)
  A sky beast (D:7)
  2 phantoms
  2 ogres
  Blork the orc (D:5)
  2 bullfrogs (D:6)
  A scorpion (D:7)
  A wyvern skeleton (D:6)
  6 killer bees (D:7)
  A wight (D:8)
  3 crimson imps
  A bullfrog zombie (D:6)
  4 hounds
  2 bullfrog skeletons
  A jelly (D:6)
  2 orc priests
  An orc wizard (D:4)
  Terence (D:3)
  An iguana (D:7)
  5 worker ants
  A worker ant zombie (D:5)
  5 adders
  A howler monkey skeleton (D:7)
  A worm (D:2)
  2 leopard geckos
  19 orcs
  4 bats
  8 giant cockroaches
  3 goblins
  A hobgoblin (D:3)
  4 jackals (D:3)
  5 quokkas
  4 frilled lizards
  A goblin zombie (D:7)
  5 kobolds
  A leopard gecko skeleton (D:4)
  A quokka skeleton (D:7)
  2 rats
  A rat zombie (D:7)
117 creatures vanquished.

Notes
Turn   | Place    | Note
-------+----------+-------------------------------------------
     0 | D:1      | Kahsius the Minotaur Berserker began the quest for the Orb.
     0 | D:1      | Reached XP level 1. HP: 19/19 MP: 0/0
   209 | D:1      | Reached XP level 2. HP: 23/27 MP: 1/1
   231 | D:1      | Reached skill level 4 in Axes
   745 | D:2      | Found an iron altar of Okawaru.
   904 | D:2      | Reached XP level 3. HP: 14/33 MP: 2/2
  1730 | D:3      | Reached ** piety under Trog
  1807 | D:3      | Reached XP level 4. HP: 37/40 MP: 3/3
  1898 | D:3      | Noticed Terence
  1904 | D:3      | Killed Terence
  2048 | D:3      | Reached skill level 5 in Axes
  2570 | D:4      | Reached XP level 5. HP: 47/47 MP: 4/4
  2865 | D:4      | Found Mocwoekk's Book Boutique.
  3246 | D:4      | Reached skill level 6 in Axes
  3246 | D:4      | Reached XP level 6. HP: 50/55 MP: 5/5
  3673 | D:4      | Reached skill level 5 in Fighting
  3887 | D:5      | Entered Level 5 of the Dungeon
  3923 | D:5      | Found a staircase to the Ecumenical Temple.
  4048 | D:5      | Noticed Blork the orc
  4059 | D:5      | Killed Blork the orc
  4060 | D:5      | Reached XP level 7. HP: 61/61 MP: 6/6
  4084 | D:5      | Reached skill level 7 in Axes
  4484 | D:5      | Reached skill level 5 in Armour
  4580 | D:5      | Found a blossoming altar of Fedhas.
  4764 | D:5      | Found a bloodstained altar of Trog.
  5555 | D:6      | Found a glowing golden altar of the Shining One.
  5566 | D:6      | Reached skill level 8 in Axes
  5566 | D:6      | Reached skill level 5 in Dodging
  5566 | D:6      | Reached XP level 8. HP: 70/70 MP: 7/7
  5639 | D:6      | Noticed Prince Ribbit
  5670 | D:6      | Found a white marble altar of Elyvilon.
  5682 | D:6      | Reached *** piety under Trog
  5825 | D:6      | Killed Prince Ribbit
  6072 | D:7      | Reached skill level 9 in Axes
  6087 | D:7      | Reached XP level 9. HP: 47/79 MP: 8/8
  6161 | D:7      | Reached skill level 10 in Axes
  6309 | D:7      | Paralysed by a hornet for 1 turns
  6534 | D:7      | Found Lomu Qynt's Food Shoppe.
  6639 | D:7      | Found a glowing golden altar of the Shining One.
  6656 | D:7      | Found a hide-covered altar of Uskayaw.
  6825 | D:7      | Found a snail-covered altar of Cheibriados.
  7069 | D:8      | Found an ornate altar of the Wu Jian Council.
  7161 | D:8      | Found an ancient bone altar of Kikubaaqudgha.
  7324 | D:8      | Noticed a centaur warrior
  7342 | D:8      | Killed a centaur warrior
  7342 | D:8      | Reached skill level 11 in Axes
  7365 | D:8      | Noticed a black mamba
  7373 | D:8      | Gained mutation: Scrolls take you a little longer to read.
                  | [potion of mutation]
  7373 | D:8      | Gained mutation: Your flesh is cold resistant. (rC+)
                  | [potion of mutation]
  7373 | D:8      | Gained mutation: You have an increased reservoir of magic.
                  | (+10% MP) [potion of mutation]
  7373 | D:8      | Gained mutation: Your flesh is heat resistant. (rF+)
                  | [potion of mutation]
  7373 | D:8      | Slain by a black mamba (shapeshifter)

Skill      XL: |  1  2  3  4  5  6  7  8  9 |
---------------+----------------------------+-----
Axes           | 4 5 6 8 9 11 | 11.2
Fighting       | 4 5 6 7 8 |  8.4
Armour         | 3 4 5 6 8 |  8.0
Dodging        | 3 4 5 6 7 |  7.3

Action                   |  1- 3 |  4- 6 |  7- 9 || total
-------------------------+-------+-------+-------++-------
Melee: Hand axe          |    74 |    88 |   250 ||   412
       Headbutt          |    14 |    19 |    60 ||    93
Invok: Berserk           |     2 |     3 |     4 ||     9
  Use: Scroll            |       |     3 |       ||     3
       Potion            |       |       |     1 ||     1
  Eat: Chunk             |     5 |     6 |    15 ||    26
       Ration            |       |     2 |     1 ||     3
Armor: Animal skin       |    13 |       |       ||    13
       Ring mail         |     7 |       |       ||     7
       Scale mail        |       |    25 |       ||    25
       Chain mail        |       |     7 |    99 ||   106
Dodge: Dodged            |    54 |    38 |   109 ||   201
